 Dungeon Crawl Stone Soup version 0.21.1-1-g345015f (webtiles) character file.

15013 inc the Nimble (level 11, 0/54 HPs)
             Began as a Felid Wizard on Feb 28, 2018.
             Was a High Priest of Ashenzari.
             Slain by a five-headed hydra (15 damage)
             ... on level 6 of the Lair of Beasts on Mar 1, 2018.
             The game lasted 01:29:41 (31991 turns).

inc the Nimble (Felid Wizard)                      Turns: 31991, Time: 01:29:42

Health: 0/54       AC:  2    Str:  3    XL:     11   Next: 96%
Magic:  20/23      EV: 26    Int: 25    God:    Ashenzari [*****.]
Gold:   512        SH:  0    Dex: 15    Spells: 2/25 levels left
                                        Lives:  0   Deaths: 3

rFire    . . .     SeeInvis +     - Unarmed
rCold    + . .     Gourm    .   (shield unavailable)
rNeg     . . .     Faith    .   (armour unavailable)
rPois    +         Spirit   .   (helmet unavailable)
rElec    .         Reflect  .   (cloak unavailable)
rCorr    +         Harm     .   (gloves unavailable)
MR       +....     Clarity  +   (boots unavailable)
Stlth    +++.......             (no amulet)
HPRegen  0.18/turn              f - ring of resist corrosion (curse)
MPRegen  0.18/turn              j - +2 ring of intelligence (curse)

@: quick
A: very small, no armour, no weapons or thrown items, stealth, claws 1, fangs 3,
see invisible, carnivore, cold resistance 1, speed 1, poison resistance, shaggy
fur 2, slow metabolism 1, sharp paws
a: Curse Item, Scrying, Transfer Knowledge, Renounce Religion


You were on level 6 of the Lair of Beasts.
You worshipped Ashenzari.
Ashenzari was extremely pleased with you.
You were not hungry.

You visited 2 branches of the dungeon, and saw 18 of its levels.

You collected 992 gold pieces.
You spent 480 gold pieces at shops.

Inventory:

Jewellery
 f - a cursed ring of resist corrosion (left paw)
 j - a cursed +2 ring of intelligence (right paw)
 t - an uncursed amulet of faith
 y - an uncursed ring of poison resistance
 B - the cursed ring "Urevaid" {*Corrode rPois rN++ Int+3 Stlth+}
   (You acquired it on level 5 of the Lair of Beasts)

   [ring of stealth]

   It affects your intelligence (+3).
   It protects you from poison.
   It greatly protects you from negative energy.
   It may corrode you when you take damage.
   It makes you more stealthy.
   It has a curse placed upon it.
 D - an uncursed ring of protection from fire
 E - an uncursed ring of protection from fire
Wands
 k - a wand of disintegration (10)
 l - a wand of digging (34)
 u - a wand of acid (27)
 z - a wand of paralysis (44)
Scrolls
 c - 2 scrolls of vulnerability {unknown}
 e - 2 scrolls of enchant weapon
 m - 7 scrolls of teleportation
 n - 7 scrolls of remove curse
 o - a scroll of silence
 p - 3 scrolls of fear
 s - a scroll of amnesia
 w - 2 scrolls of magic mapping {unknown}
 x - 3 scrolls of blinking
 C - 2 scrolls of brand weapon
 J - a scroll of identify
Potions
 d - 2 potions of haste
 g - 5 potions of brilliance
 r - 2 potions of flight
 v - a potion of cancellation
 A - a potion of magic
 F - 3 potions of lignification
 G - a potion of might {unknown}
 H - a potion of resistance {unknown}
 K - 3 potions of mutation
Books
 a - a book of Minor Magic

   Spells                             Type                      Level
   a - Magic Dart                     Conjuration                  1
   b - Blink                          Translocation                2
   c - Call Imp                       Summoning                    2
   d - Slow                           Hexes                        2
   e - Conjure Flame                  Conjuration/Fire             3
   f - Mephitic Cloud                 Conjuration/Poison/Air       3
 h - a book of Callings

   Spells                             Type                      Level
   a - Summon Small Mammal            Summoning                    1
   b - Call Imp                       Summoning                    2
   c - Call Canine Familiar           Summoning                    3
   d - Summon Guardian Golem          Hexes/Summoning              3
   e - Summon Lightning Spire         Summoning/Air                4
   f - Summon Ice Beast               Ice/Summoning                4
 q - a book of Debilitation

   Spells                             Type                      Level
   a - Corona                         Hexes                        1
   b - Slow                           Hexes                        2
   c - Inner Flame                    Hexes/Fire                   3
   d - Portal Projectile              Hexes/Translocation          3
   e - Cause Fear                     Hexes                        4
   f - Leda's Liquefaction            Hexes/Earth                  4
 I - a book of Misfortune

   Spells                             Type                      Level
   a - Confusing Touch                Hexes                        1
   b - Confuse                        Hexes                        3
   c - Gell's Gravitas                Translocation                3
   d - Petrify                        Transmutation/Earth          4
   e - Metabolic Englaciation         Hexes/Ice                    5
   f - Yara's Violent Unravelling     Hexes/Transmutation          5
Comestibles
 b - 27 rations


   Skills:
 - Level 10.0 Fighting
 - Level 11.2 Dodging
 - Level 2.6 Stealth
 - Level 2.1 Unarmed Combat
 - Level 7.5 Spellcasting
 - Level 4.0(6.5) Conjurations
 - Level 9.4(11.9) Hexes
 - Level 10.4(12.9) Summonings
 - Level 1.5(3.3) Translocations
 - Level 2.0(4.0) Fire Magic
 - Level 3.0(5.3) Ice Magic
 + Level 6.4(9.2) Air Magic
 - Level 2.0(4.0) Poison Magic


You had 2 spell levels left.
You knew the following spells:

 Your Spells              Type           Power        Failure   Level  Hunger
a - Magic Dart            Conj           ####         1%          1    None
b - Call Imp              Summ           ######..     1%          2    None
c - Mephitic Cloud        Conj/Pois/Air  #####...     1%          3    None
d - Conjure Flame         Conj/Fire      #####...     2%          3    None
e - Cause Fear            Hex            ######....   1%          4    ###....
f - Blink                 Tloc           N/A          2%          2    None
g - Summon Lightning Spi  Summ/Air       ######..     1%          4    ###....
h - Summon Ice Beast      Ice/Summ       ######..     1%          4    ###....


Dungeon Overview and Level Annotations

Branches:
Dungeon (12/15)            Temple (0/1) D:4            Lair (6/6) D:11
 Shoals (0/4) Lair:4        Snake (0/4) Lair:4        Slime (0/5) Lair:5
    Orc: D:9-12

Altars:
Ashenzari
Elyvilon
Fedhas
Kikubaaqudgha
Vehumet
Wu Jian
Xom

Shops:
D:4 :   D:7 }   D:10 **[}


Innate Abilities, Weirdness & Mutations

You cannot wear armour.
You are incapable of wielding weapons or throwing items.
Your paws allow you to move quietly. (Stealth)
You have sharp claws.
You have razor-sharp teeth.
You have supernaturally acute eyesight. (SInv)
You are carnivorous and can eat meat at any time.
You cover ground quickly.
You are covered in thick fur. (AC +2)
You have a slow metabolism.
Your sharp claws are effective at attacking unaware monsters.
Your flesh is cold resistant. (rC+)
Your system is resistant to poisons. (rPois)


Message History

Something bites the fungus!!
Casting: Summon Lightning Spire
Confirm with . or Enter, or press ? or * to list all spells.
You blink.
Something hits the plant.
Something bites the fungus!
The five-headed hydra closely misses you.
The five-headed hydra bites you! x2
* * * LOW HITPOINT WARNING * * *
The five-headed hydra barely misses you.
The five-headed hydra bites you!
* * * LOW HITPOINT WARNING * * *
The blink frog closely misses you.
Casting: Blink
Confirm with . or Enter, or press ? or * to list all spells.
You blink.
The blink frog blinks!
You barely miss the blink frog.
The blink frog blinks! x2
You feel much better. The five-headed hydra bites you!
* * * LOW HITPOINT WARNING * * *
The five-headed hydra bites you!
You die...

#..P.$...)............(#......
##.....Fl....................}
#P............................
####PP..F.....................
#####......................
#.ยง(..............#....
#........F.............
#.....D............^(..
##....@..##.#.#.###(P..
##.############# ###.# ### ###


You could see a five-headed hydra, a komodo dragon and 3 blink frogs.

Vanquished Creatures
  2 two-headed ogres
  Nergalle (Lair:4)
  The ghost of grindst0ne the Fighter, a novice HuBe of Trog (D:6)
  The ghost of inc the Infuser, a novice FeEn of Ashenzari (D:8)
  A centaur zombie (D:5)
  Joseph (D:7)
  A black mamba (Lair:2)
  3 centaur skeletons
  A komodo dragon (Lair:5)
  A queen bee (D:12)
  2 blink frogs
  4 hippogriffs
  A yak (Lair:5)
  A hungry ghost (D:9)
  A water moccasin (Lair:3)
  4 porcupines
  2 sky beasts
  An ice beast (D:5)
  4 orc warriors
  3 ogres
  A black bear (D:9)
  3 necrophages
  3 centaurs
  8 bullfrogs
  A gnoll sergeant (D:7)
  A water moccasin skeleton (D:8)
  A scorpion (D:8)
  2 killer bees (D:12)
  A howler monkey (D:6)
  5 crimson imps
  A bullfrog zombie (D:5)
  7 jellies
  2 hounds
  5 orc priests
  A gnoll shaman (D:9)
  A bullfrog skeleton (D:6)
  4 orc wizards
  3 worker ants
  3 hound skeletons
  A hound zombie (D:6)
  A worker ant zombie (D:5)
  A howler monkey skeleton (D:9)
  5 adders
  3 gnolls (D:9)
  3 shadow imps
  An ooze (D:5)
  2 adder skeletons
  An adder zombie (D:6)
  2 worms (D:2)
  2 dart slugs (D:2)
  6 leopard geckos
  28 orcs
  8 bats
  4 giant cockroaches
  5 goblins
  5 hobgoblins
  13 jackals
  10 kobolds
  5 quokkas
  3 frilled lizards
  A quokka skeleton (D:5)
  A quokka zombie (D:5)
  7 rats
  A fungus (Lair:4)
  A plant (Lair:6)
209 creatures vanquished.

Vanquished Creatures (collateral kills)
  Kirke (Lair:4)
  4 hydras
  Erolcha (D:11)
  Urug (Lair:4)
  4 death yaks (Lair:3)
  Pikel (D:6)
  4 oklob plants (Lair:6)
  A centaur zombie (D:11)
  4 black mambas
  A torpor snail (Lair:2)
  2 spiny frogs
  2 rime drakes (Lair:6)
  7 komodo dragons
  2 trolls
  2 meliai (D:12)
  A merfolk (Lair:4)
  A polar bear (Lair:4)
  2 hippogriffs
  7 blink frogs
  11 dream sheep
  A shadow (D:11)
  4 wyverns
  14 yaks
  15 water moccasins
  5 porcupines
  An orc warrior (D:9)
  4 ice beasts
  A sky beast (D:11)
  2 black bears
  An ogre (D:7)
  6 centaurs
  6 wolves
  8 crocodiles
  2 big kobolds
  4 bullfrogs
  A wyvern zombie (D:6)
  2 scorpions
  5 killer bees
  A vampire bat (Lair:4)
  A howler monkey (D:10)
  2 jellies
  3 crimson imps
  4 orc priests
  4 hounds
  4 bullfrog skeletons
  3 orc wizards
  An iguana (D:10)
  3 worker ants
  A worker ant zombie (D:7)
  4 gnolls (D:7)
  A shadow imp (D:6)
  2 oozes (Lair:5)
  A worm (D:4)
  5 orcs
  2 bats (Lair:4)
  4 kobolds
  A fungus (Lair:4)
  A plant (Lair:6)
189 creatures vanquished.

Vanquished Creatures (others)
  A dream sheep (Lair:5)
  A human (Lair:4)
  A centaur (D:7)
  An orc wizard (D:7)
  An orc (D:5)
  A bat (Lair:4)
  A quokka zombie (D:5)
  2 bushes (Lair:1)
  21 fungi
  22 plants
52 creatures vanquished.

Grand Total: 450 creatures vanquished

Notes
Turn   | Place    | Note
-------+----------+-------------------------------------------
     0 | D:1      | inc the Felid Wizard began the quest for the Orb.
     0 | D:1      | Reached XP level 1. HP: 7/7 MP: 5/5
    21 | D:1      | Reached skill level 1 in Conjurations
   297 | D:1      | Reached XP level 2. HP: 11/11 MP: 2/7
  1190 | D:2      | Reached XP level 3. HP: 14/14 MP: 1/8
  1600 | D:2      | Found a blossoming altar of Fedhas.
  1602 | D:2      | Found an ancient bone altar of Kikubaaqudgha.
  2156 | D:2      | Found a shattered altar of Ashenzari.
  2157 | D:2      | Found a white marble altar of Elyvilon.
  2160 | D:2      | Found a radiant altar of Vehumet.
  2385 | D:2      | Reached XP level 4. HP: 10/18 MP: 0/9
  2500 | D:2      | Became a worshipper of Ashenzari the Shackled
  2952 | D:3      | You fall through a shaft!
  3157 | D:4      | Learned a level 2 spell: Call Imp
  3186 | D:4      | Found a staircase to the Ecumenical Temple.
  3370 | D:5      | Entered Level 5 of the Dungeon
  3553 | D:4      | Found Mouloeru's Book Shoppe.
  3905 | D:4      | Reached XP level 5. HP: 20/21 MP: 3/10
  4033 | D:4      | Reached * piety under Ashenzari
  4534 | D:5      | Noticed an ogre
  4570 | D:5      | Killed an ogre
  4570 | D:5      | Gained mutation: You are covered in thick fur. (AC +2) [Felid growth]
  4570 | D:5      | Reached XP level 6. HP: 24/24 MP: 3/11
  4820 | D:5      | Noticed a slave
  4820 | D:5      | Noticed a slave
  4880 | D:5      | Noticed an ice beast
  5093 | D:5      | Noticed a slave
  5127 | D:4      | Reached skill level 3 in Dodging
  5770 | D:4      | Learned a level 3 spell: Mephitic Cloud
  5774 | D:4      | Learned a level 3 spell: Conjure Flame
  6263 | D:6      | Reached skill level 4 in Dodging
  6360 | D:6      | Noticed grindst0ne's ghost (novice HuBe)
  6422 | D:5      | Reached skill level 5 in Dodging
  6520 | D:5      | Noticed Pikel
  6587 | D:5      | Noticed a slave
  6784 | D:6      | Reached XP level 7. HP: 27/27 MP: 2/12
  6910 | D:6      | Reached skill level 6 in Dodging
  7036 | D:6      | Reached skill level 1 in Unarmed Combat
  7695 | D:6      | Reached skill level 1 in Fighting
  8076 | D:6      | Killed Pikel
  8076 | D:6      | Reached XP level 8. HP: 21/36 MP: 1/13
  8284 | D:6      | Found an ornate altar of the Wu Jian Council.
  8356 | D:6      | Reached skill level 5 in Fighting
  8709 | D:7      | Noticed a hippogriff
  8714 | D:7      | Reached ** piety under Ashenzari
  8730 | D:7      | Killed a hippogriff
  8768 | D:7      | Noticed a troll
 10831 | D:7      | Found Sesexaowk's Gadget Shop.
 10911 | D:6      | Killed grindst0ne's ghost
 10911 | D:6      | Reached skill level 1 in Fire Magic
 10911 | D:6      | Reached skill level 1 in Air Magic
 10911 | D:6      | Reached skill level 1 in Poison Magic
 10911 | D:6      | Reached XP level 9. HP: 37/45 MP: 3/14
 11250 | D:7      | Noticed Joseph
 12371 | D:7      | Reached skill level 5 in Summonings
 13416 | D:7      | Killed Joseph
 14000 | D:8      | Noticed a two-headed ogre
 14075 | D:7      | Mangled by a two-headed ogre
 14076 | D:7      | Reached XP level 8. HP: -11/41 MP: 3/13
 14082 | D:7      | Killed a two-headed ogre
 14082 | D:7      | Reached skill level 5 in Spellcasting
 14082 | D:7      | Reached XP level 9. HP: 45/45 MP: 7/17
 14305 | D:8      | Learned a level 4 spell: Cause Fear
 14439 | D:8      | Noticed inc's ghost (novice FeEn)
 14446 | D:8      | Killed inc's ghost
 14852 | D:8      | Reached skill level 5 in Hexes
 14934 | D:8      | Learned a level 2 spell: Slow
 15659 | D:9      | Noticed a two-headed ogre
 15859 | D:8      | Learned a level 2 spell: Blink
 16993 | D:9      | Found a shimmering altar of Xom.
 17034 | D:9      | Killed a two-headed ogre
 17034 | D:9      | Reached XP level 10. HP: 45/48 MP: 1/19
 17299 | D:4      | Bought a book of Callings for 390 gold pieces
 17304 | D:4      | Learned a level 4 spell: Summon Lightning Spire
 17484 | D:8      | Reached *** piety under Ashenzari
 19455 | D:10     | Entered Level 10 of the Dungeon
 19619 | D:10     | Found Cuilithest's Assorted Antiques.
 19944 | D:10     | Learned a level 4 spell: Summon Ice Beast
 20012 | D:10     | Reached skill level 1 in Ice Magic
 20069 | D:10     | Found Laupp's Gadget Emporium.
 20576 | D:10     | Found Liefam's Armour Emporium.
 20687 | D:10     | Found Qurargh's Assorted Antiques.
 20916 | D:11     | Reached skill level 7 in Dodging
 21172 | D:11     | Noticed an eight-headed hydra
 21201 | D:11     | Killed an eight-headed hydra
 21201 | D:11     | Reached skill level 8 in Dodging
 21343 | D:11     | Noticed Erolcha
 21387 | D:11     | HP: 2/48 [Erolcha/stone arrow (29)]
 21390 | D:11     | Killed from afar by Erolcha
 21391 | D:11     | Reached XP level 9. HP: -12/45 MP: 1/21
 21425 | D:11     | Killed Erolcha
 21425 | D:11     | Reached XP level 10. HP: 27/48 MP: 18/22
 21668 | D:10     | Bought a glowing filigree amulet for 90 gold pieces
 21878 | D:11     | Reached **** piety under Ashenzari
 21895 | D:11     | Reached skill level 9 in Dodging
 22420 | D:11     | Found a staircase to the Lair.
 22627 | D:12     | Reached skill level 10 in Dodging
 22962 | Lair:1   | Entered Level 1 of the Lair of Beasts
 23892 | Lair:1   | Noticed a spiny frog
 23904 | Lair:1   | Killed a spiny frog
 24711 | Lair:2   | Noticed a torpor snail
 24729 | Lair:2   | Killed a torpor snail
 24729 | Lair:2   | Reached XP level 11. HP: 52/54 MP: 8/23
 24883 | Lair:2   | Reached skill level 10 in Fighting
 24979 | Lair:2   | HP: 1/54 [wyvern (19)]
 24984 | Lair:2   | Mangled by a wyvern
 24985 | Lair:2   | Reached XP level 10. HP: -8/51 MP: 1/22
 25051 | Lair:2   | Reached ***** piety under Ashenzari
 25054 | Lair:2   | Gained mutation: Your system is resistant to poisons. (rPois) [potion of mutation]
 25054 | Lair:2   | Gained mutation: Your flesh is cold resistant. (rC+) [potion of mutation]
 25393 | Lair:2   | Killed a black mamba
 25607 | Lair:3   | Noticed a seven-headed hydra
 25682 | Lair:3   | Reached skill level 11 in Dodging
 25840 | Lair:3   | Killed a seven-headed hydra
 25949 | Lair:3   | Noticed a death yak
 25959 | Lair:3   | Killed a death yak
 26306 | Lair:3   | Noticed a black mamba
 26314 | Lair:3   | Killed a black mamba
 26520 | Lair:3   | Noticed a black mamba
 26546 | Lair:2   | Killed a black mamba
 26562 | Lair:2   | HP: 2/51 [poisoned by a black mamba]
 26570 | Lair:2   | HP: 2/51 [poisoned by a black mamba]
 26911 | Lair:3   | Noticed a six-headed hydra
 26924 | Lair:3   | Killed a six-headed hydra
 27249 | Lair:3   | Noticed a death yak
 27250 | Lair:3   | Noticed a death yak
 27251 | Lair:3   | Noticed a death yak
 27271 | Lair:3   | Killed a death yak
 27274 | Lair:3   | Killed a death yak
 27274 | Lair:3   | Reached XP level 11. HP: 54/54 MP: 7/23
 27278 | Lair:3   | Killed a death yak
 28005 | Lair:4   | Noticed a six-headed hydra
 28012 | Lair:4   | Killed a six-headed hydra
 28037 | Lair:4   | Noticed Kirke
 28394 | Lair:4   | Killed Kirke
 28394 | Lair:4   | Reached skill level 10 in Summonings
 28546 | Lair:4   | Noticed Nergalle
 28557 | Lair:4   | Killed Nergalle
 28829 | Lair:4   | Found a staircase to the Snake Pit.
 28964 | Lair:4   | Noticed Urug
 29504 | Lair:4   | Killed Urug
 30466 | Lair:5   | Found a staircase to the Slime Pits.
 31263 | Lair:5   | Identified a scroll of acquirement
 31263 | Lair:5   | Identified the cursed ring "Urevaid" {*Corrode rPois rN++ Int+3 Stlth+} (You acquired it on level 5 of the Lair of Beasts)
 31414 | Lair:6   | Entered Level 6 of the Lair of Beasts
 31424 | Lair:6   | Reached skill level 5 in Air Magic
 31800 | Lair:6   | Noticed an oklob plant
 31803 | Lair:6   | Noticed an oklob plant
 31803 | Lair:6   | Noticed an oklob plant
 31804 | Lair:6   | Noticed an oklob plant
 31820 | Lair:6   | Killed an oklob plant
 31822 | Lair:6   | Killed an oklob plant
 31841 | Lair:6   | Killed an oklob plant
 31845 | Lair:6   | Killed an oklob plant
 31972 | Lair:6   | Noticed a five-headed hydra
 31991 | Lair:6   | Slain by a five-headed hydra

Skill      XL: |  1  2  3  4  5  6  7  8  9 10 11 |
---------------+----------------------------------+-----
Conjurations   | 1 2 3 4 |  4.0
Summonings     | 2 4 6 8 10 | 10.4
Dodging        | 5 6 11 | 11.2
Unarmed Combat | 2 |  2.1
Fighting       | 4 8 9 10 | 10.0
Fire Magic     | 1 2 |  2.0
Air Magic      | 1 2 6 |  6.4
Poison Magic   | 1 2 |  2.0
Spellcasting   | 5 7 |  7.5
Hexes          | 9 |  9.4
Ice Magic      | 3 |  3.0
Stealth        | |  2.6
Translocations | |  1.5

Action                   |  1- 3 |  4- 6 |  7- 9 | 10-12 || total
-------------------------+-------+-------+-------+-------++-------
Melee: Unarmed           |    26 |     8 |   203 |    86 ||   323
       Bite              |     2 |     1 |    14 |    10 ||    27
       Punch             |       |       |     2 |       ||     2
 Cast: Magic Dart        |   106 |   159 |   343 |   488 ||  1096
       Call Imp          |       |    18 |   101 |     1 ||   120
       Conjure Flame     |       |     4 |    37 |       ||    41
       Mephitic Cloud    |       |     3 |    37 |    13 ||    53
       Cause Fear        |       |       |     2 |     1 ||     3
       Summon Lightning  |       |       |     1 |    77 ||    78
       Summon Ice Beast  |       |       |       |   126 ||   126
       Blink             |       |       |       |     6 ||     6
Invok: Curse Item        |       |     1 |     1 |       ||     2
  Use: Scroll            |       |     4 |     6 |     8 ||    18
       Potion            |       |     1 |     4 |     4 ||     9
 Stab: Sleeping          |     2 |     2 |     4 |     3 ||    11
       Confused          |       |       |    13 |       ||    13
       Invisible         |       |       |     3 |       ||     3
  Eat: Chunk             |     1 |     7 |    31 |    45 ||    84
       Ration            |       |     1 |     2 |     1 ||     4
Armor: Skin              |     2 |     5 |    20 |     9 ||    36
Dodge: Dodged            |    51 |    51 |   352 |   331 ||   785
